 Dungeon Crawl Stone Soup version 0.27.0-1-g7a089689b8 (webtiles) character file.

Game seed: 11175477945719906242

655 emiel the Gusty (level 7, 0/48 HPs)
             Began as a Spriggan Air Elementalist on Aug 8, 2021.
             Slain by a killer bee (5 damage)
             ... on level 5 of the Dungeon.
             The game lasted 00:05:44 (6474 turns).

emiel the Gusty (Spriggan Air Elementalist)         Turns: 6474, Time: 00:05:45

Health: 0/48       AC:  2    Str:  4    XL:     7   Next: 29%
Magic:  2/17       EV: 17    Int: 18    God:
Gold:   146        SH:  0    Dex: 16    Spells: 13/18 levels left

rFire    . . .     SeeInvis +   c - +0 spear (venom)
rCold    . . .     Faith    .   (shield restricted)
rNeg     . . .     Spirit   .   a - +0 robe
rPois    .         Reflect  .   (helmet restricted)
rElec    .         Harm     .   (no cloak)
rCorr    .         Rampage  .   (gloves unavailable)
Will     +....                  (boots unavailable)
Stlth    ..........             (no amulet)
HPRegen  0.16/turn              l - ring of wizardry
MPRegen  0.15/turn              (no ring)

@: berserking, very quick
A: very small, no large weapons, unfitting armour, see invisible, speed 3
a: no special abilities


You were on level 5 of the Dungeon.
You visited 1 branch of the dungeon, and saw 5 of its levels.

You collected 146 gold pieces.

Inventory:

Hand Weapons
 b - a +0 dagger
 c - a +0 spear of venom (weapon)
 d - a +0 quick blade
Armour
 a - a +0 robe (worn)
Jewellery
 l - a ring of wizardry (left hand)
Scrolls
 e - a scroll of silence {unknown}
 f - a scroll of brand weapon {unknown}
 g - a scroll of fog
 h - a scroll of vulnerability {unknown}
 i - a scroll of noise
 n - a scroll of teleportation {unknown}
 o - a scroll of fear {unknown}
Potions
 j - a potion of berserk rage
 k - a potion of lignification {unknown}
 m - 2 potions of curing {unknown}
 p - a potion of ambrosia {unknown}
 q - a potion of resistance {unknown}
 r - a potion of magic {unknown}


   Skills:
 - Level 2.6 Dodging
 - Level 3.0 Stealth
 + Level 6.1 Spellcasting
 - Level 0.6 Conjurations
 * Level 6.5 Air Magic


You had 13 spell levels left.
You knew the following spells:

 Your Spells              Type           Power      Damage    Failure   Level
a - Shock                 Conj/Air       72%        1d7       1%          1
b - Airstrike             Air            14%        N/A       3%          4

Your spell library contained the following spells:

 Spells                   Type           Power      Damage    Failure   Level
 Static Discharge         Conj/Air       18%        N/A       1%          2
 Swiftness                Air            29%        N/A       1%          3
 Corona                   Hex            5%         N/A       4%          1
 Ensorcelled Hibernation  Hex/Ice        10%        N/A       8%          2
 Tukima's Dance           Hex            5%         N/A       14%         3


Dungeon Overview and Level Annotations

Branches:
Dungeon (5/15)
 Temple: D:4-7

Altars:

Annotations:
D:4 2 transporters, Suckerboh's ghost, amateur FoAK
D:5 2 transporters, wakim's ghost, amateur GnWn


Innate Abilities, Weirdness & Mutations

You are very small and have problems with some larger weapons.
You are too small for most types of armour.
You have supernaturally acute eyesight. (SInv)
You cover ground extremely quickly. (Speed+++)


Message History

The killer bee is moderately wounded.
The killer bee stings you. The killer bee barely misses you.
The killer bee stings you.
* * * LOW HITPOINT WARNING * * *
Unknown command.
You barely miss the killer bee.
The killer bee is moderately wounded.
The killer bee barely misses you. x2
Unknown command.
Casting: Shock (safe; 1% risk of failure)
Confirm with . or Enter, or press ? or * to list all spells.
Aiming: Shock (safe; 1% risk of failure)
Press: ? - help, Shift-Dir - straight line The zap misses the killer bee.
The zap hits the killer bee.
The killer bee is heavily wounded.
The killer bee stings you.
* * * LOW HITPOINT WARNING * * *
The killer bee misses you.
Unknown command.
A red film seems to cover your vision as you go berserk!
You feel yourself moving faster!
You feel mighty! The killer bee barely misses you. The killer bee stings you.
* * * LOW HITPOINT WARNING * * *
Unknown command.
Unknown command.
You barely miss the killer bee.
The killer bee is heavily wounded.
The killer bee stings you but does no damage. x2
Unknown command.
You puncture the killer bee!
The killer bee is almost dead.
The killer bee stings you but does no damage.
Unknown command.
Unknown command.
You miss the killer bee.
The killer bee is almost dead.
The killer bee stings you.
* * * LOW HITPOINT WARNING * * *
The killer bee stings you.
You die...

#.#......####......
#.#................
#.##...............
#..............(...
#.##.........######
#.##....††...#
...#..#..##########
....#..#..####......
.....#..#...y@.......
####.##..#.#####......
#.#####.#####......
#..............
#.........©....
#.....###### ##
#>...##8.... #
#....#s.W...
#..[.#S.#...


You could see a killer bee.

Vanquished Creatures
  A sky beast (D:3)
  4 killer bees (D:5)
  A gnoll shaman (D:5)
  2 hounds
  A centaur skeleton (D:4)
  An orc wizard (D:3)
  A hound zombie (D:3)
  Robin (D:2)
  5 gnolls (D:5)
  4 adders
  A shadow imp (D:4)
  2 worms (D:2)
  2 dart slugs
  4 orcs (D:3)
  7 endoplasms
  A giant cockroach (D:1)
  13 hobgoblins
  19 jackals
  9 kobolds
  A quokka (D:1)
  9 ball pythons
  6 bats
  4 frilled lizards
  10 goblins
  7 rats
116 creatures vanquished.

Notes
Turn   | Place    | Note
-------+----------+-------------------------------------------
     0 | D:1      | emiel the Spriggan Air Elementalist began the quest for the
                  | Orb.
     0 | D:1      | Reached XP level 1. HP: 9/9 MP: 5/5
   467 | D:1      | Reached XP level 2. HP: 13/13 MP: 0/7
  1240 | D:1      | Reached XP level 3. HP: 16/16 MP: 4/8
  1514 | D:1      | Found a faded altar of an unknown god.
  2466 | D:2      | Reached XP level 4. HP: 21/21 MP: 7/10
  2490 | D:2      | Noticed Robin
  2653 | D:2      | Killed Robin
  3122 | D:2      | Learned a level 4 spell: Airstrike
  3613 | D:3      | Reached XP level 5. HP: 24/24 MP: 7/12
  4185 | D:3      | Reached skill level 5 in Air Magic
  4264 | D:4      | Noticed a sky beast
  4298 | D:3      | Killed a sky beast
  4299 | D:3      | Reached skill level 5 in Spellcasting
  4299 | D:3      | Reached XP level 6. HP: 12/28 MP: 5/14
  5128 | D:4      | Noticed Suckerboh's ghost (amateur FoAK)
  5187 | D:4      | Found a transporter.
  5435 | D:4      | Found a transporter.
  5793 | D:5      | Entered Level 5 of the Dungeon
  6112 | D:5      | Reached XP level 7. HP: 32/32 MP: 3/16
  6238 | D:5      | Found a transporter.
  6238 | D:5      | Found a transporter.
  6244 | D:5      | Noticed wakim's ghost (amateur GnWn)
  6355 | D:5      | Noticed a steam dragon
  6405 | D:5      | Noticed a vampire
  6474 | D:5      | Slain by a killer bee

Illustrated notes

Levels and vault maps discovered:
D:1:      roderic_octagonal_star, layout_basic,
          dreamdust_ecumenical_altar_angels_and_demons
D:2:      layout_rooms, minmay_misc_feat_columns, uniq_robin
D:3:      layout_loops_ring
D:4:      layout_loops_ring, gammafunk_ghost_arena, kennysheep_generic_room_9
D:5:      layout_basic, gammafunk_ghost_arena

Skill      XL: |  1  2  3  4  5  6  7 |
---------------+----------------------+-----
Air Magic      | 3 4 5 6 |  6.5
Spellcasting   | 3 4 5 6 |  6.1
Dodging        | |  2.6
Stealth        | |  3.0
Conjurations   | |  0.6

Action                   |  1- 3 |  4- 6 |  7- 9 || total
-------------------------+-------+-------+-------++-------
Melee: Spear             |    76 |    73 |    11 ||   160
 Cast: Shock             |    70 |   105 |     4 ||   179
       Airstrike         |       |     4 |     4 ||     8
  Use: Scroll            |       |     3 |       ||     3
       Potion            |       |       |     1 ||     1
 Stab: Sleeping          |     5 |     6 |       ||    11
Armor: Robe              |     9 |     8 |     3 ||    20
Dodge: Dodged            |    76 |    84 |    13 ||   173
